 Dungeon Crawl Stone Soup version 0.25-a0-21-ga5a8db46c7 (webtiles) character file.

Game seed: 15197729267875759570, levelgen mode: deterministic

26 Kohma the Sneak (level 2, -3/13 HPs)
             Began as a Spriggan Enchanter on Oct 16, 2019.
             Slain by Sigmund
             ... wielding a +0 scythe
              (5 damage)
             ... on level 2 of the Dungeon.
             The game lasted 00:04:13 (2598 turns).

Kohma the Sneak (Spriggan Enchanter)                Turns: 2598, Time: 00:04:13

Health: -3/13      AC:  2    Str:  4    XL:     2   Next: 89%
Magic:  4/6        EV: 18    Int: 16    God:
Gold:   42         SH:  0    Dex: 16    Spells: 3/6 levels left

rFire    . . .     SeeInvis +   a - +1 dagger
rCold    . . .     Gourm    .   (shield restricted)
rNeg     . . .     Faith    .   b - +0 robe
rPois    .         Spirit   .   (helmet restricted)
rElec    .         Reflect  .   (no cloak)
rCorr    .         Harm     .   (gloves unavailable)
MR       .....                  (boots unavailable)
Stlth    +.........             (no amulet)
HPRegen  0.04/turn              (no ring)
MPRegen  0.10/turn              (no ring)

@: confused, very quick
A: very small, unfitting armour, see invisible, herbivore, speed 3, slow
metabolism 2
a: no special abilities


You were on level 2 of the Dungeon.
You were not hungry.

You visited 1 branch of the dungeon, and saw 2 of its levels.

You collected 42 gold pieces.

Inventory:

Hand Weapons
 a - a +1 dagger (weapon)
Missiles
 h - 8 poisoned darts (quivered)
Armour
 b - a +0 robe (worn)
Jewellery
 c - an uncursed amulet of the gourmand {unknown}
Scrolls
 e - 2 scrolls of identify {unknown}
 f - a scroll of fog {unknown}
 i - a scroll of remove curse {unknown}
 l - 2 scrolls of magic mapping {unknown}
Potions
 g - a potion of lignification {unknown}
 j - a potion of haste {unknown}
 k - a potion of curing {unknown}
Comestibles
 d - 4 rations


   Skills:
 + Level 2.3 Short Blades
 - Level 3.0 Dodging
 + Level 5.5 Stealth
 - Level 2.6 Spellcasting
 - Level 3.6 Hexes


You had 3 spell levels left.
You knew the following spells:

 Your Spells              Type           Power        Failure   Level  Hunger
a - Corona                Hex            ##.....      4%          1    #......
b - Ensorcelled Hibernat  Hex/Ice        #.....       14%         2    ##.....

Your spell library contained the following spells:

 Spells                   Type           Power        Failure   Level  Hunger
 Confuse                  Hex            ##......     13%         3    ###....
 Tukima's Dance           Hex            ##......     13%         3    ###....
 Dazzling Spray           Conj/Hex       #.....       28%         3    ###....


Dungeon Overview and Level Annotations

Branches:
Dungeon (2/15)

Altars:

Annotations:
D:2 Sigmund


Innate Abilities, Weirdness & Mutations

You are very small and have problems with some larger weapons.
You are too small for most types of armour.
You have supernaturally acute eyesight. (SInv)
You are a herbivore.
You cover ground extremely quickly.
You need to consume almost no food.


Message History

There is a stone staircase leading up here.
Sigmund completely misses you.
Casting: Ensorcelled Hibernation (safe; 14% risk of failure)
Confirm with . or Enter, or press ? or * to list all spells.
Aiming: Ensorcelled Hibernation (safe; 14% risk of failure)
Press: ? - help, Shift-Dir - straight line, f - Sigmund
Aim: Sigmund, wielding a +0 scythe and wearing a +0 robe (chance to defeat MR: 48%) Sigmund resists with some effort.
Sigmund casts a spell at you.
You are confused.
You're too confused to cast spells.
Unknown command.
You bump into the rock wall.
Sigmund gestures at you while chanting. The puff of flame hits you!
Ouch! That really hurt!
* * * LOW HITPOINT WARNING * * *
There is a stone staircase leading up here.
Sigmund hits you from afar with a +0 scythe.
You die...

......#####
........≈.....≈≈
..........≈.≈≈.≈
........≈≈≈≈≈≈≈≈ ####
##......≈.≈≈≈≈≈≈ ...
.#....#≈.≈≈≈≈≈g
#####.##### .....#≈≈≈≈≈≈≈♣
#.........###.##.#.≈r≈≈≈_≈
#....@##.#....r≈≈≈...
#.#..##.....#.≈≈≈≈≈≈≈
#.#@###..####.@≈≈≈≈≈≈
#.#.....<...(..≈≈≈≈≈≈
..........(.......≈@...≈
............((.#..≈....≈
...#.#######.#######...#
...#.. .# ...# . ## ##


You could see Sigmund.

Vanquished Creatures
  2 dart slugs (D:1)
  2 leopard geckos
  A giant cockroach (D:1)
  3 goblins (D:1)
  4 hobgoblins
  A quokka (D:1)
  2 bats (D:1)
  4 rats
19 creatures vanquished.

Notes
Turn   | Place    | Note
-------+----------+-------------------------------------------
     0 | D:1      | Kohma the Spriggan Enchanter began the quest for the Orb.
     0 | D:1      | Reached XP level 1. HP: 9/9 MP: 5/5
   848 | D:1      | Reached XP level 2. HP: 13/13 MP: 6/6
   852 | D:1      | Learned a level 2 spell: Ensorcelled Hibernation
   917 | D:1      | Reached skill level 5 in Stealth
  2019 | D:2      | Found a faded altar of an unknown god.
  2019 | D:2      | Noticed Sigmund
  2598 | D:2      | Slain by Sigmund

Levels and vault maps discovered:
D:1:      saegor_arrival_simple_e, layout_basic, serial_co_window_serial,
          co_window_corner_a, co_window_corner_a, co_window_of_opportunity_a,
          co_window_paths_a, co_window_paths_b, co_window_broadway_a,
          co_window_paths_c, co_window_cross_2, co_window_of_opportunity_b,
          co_window_corner_cb, co_window_corner_cb, co_window_paths_c,
          co_window_4corner_b, glass_columns_c, glass_columns_a,
          glass_columns_c, minivault_27
D:2:      layout_basic, chequers_ecumenical_altar_island, uniq_sigmund

Skill      XL: |  1  2 |
---------------+-------+-----
Stealth        | 5 |  5.5
Short Blades   | 2 |  2.3
Dodging        | |  3.0
Spellcasting   | |  2.6
Hexes          | |  3.6

Action                   || total
-------------------------++-------
Melee: Dagger            ||    64
Throw: Dart              ||    23
 Cast: Corona            ||     2
       Ensorcelled Hiber ||     9
 Stab: Sleeping          ||     5
Armor: Robe              ||     4
Dodge: Dodged            ||    58

Table legend:
 A = Non-vault XP
 B = Vault XP
 C = Vault XP percentage of total XP
 D = Non-vault monster count
 E = Vault monster count
 F = Vault count percentage of total count
                 A         B        C        D         E       F
            +---------+---------+-------+---------+---------+-------
      Total |      38 |       0 |   0.0 |      19 |       0 |   0.0
            +---------+---------+-------+---------+---------+-------
        D:1 |      32 |       0 |   0.0 |      16 |       0 |   0.0
        D:2 |       6 |       0 |   0.0 |       3 |       0 |   0.0
            +---------+---------+-------+---------+---------+-------
